| TOP OF THE 1ST |
|
Louisville Stallions batting - Pitching for Richmond Braves : RHP Evan O'Rourke
|
|
Pitching: RHP Evan O'Rourke
|
|
|
Batting: SHB Dave Owen
|
0-0: Called Strike 0-1: Reached on error, E4 (Groundball, 4, EV 85.0 MPH)
|
|
Batting: RHB Josh Grimes
|
0-0: Called Strike 0-1: Ball 1-1: Foul Ball, location: 2F 1-2: SINGLE (Groundball, 56D, EV 110.0 MPH) Dave Owen to third Runner from 3rd tries for Home, SAFE, no throw by LF
|
|
Batting: LHB Mauricio Gracia
|
0-0: Ball 1-0: Fly out, F6 (Popup, 56, EV 63.8 MPH)
|
|
Batting: RHB Dave Malpeso
|
0-0: Called Strike 0-1: Ball 1-1: Ball 2-1: Ball 3-1: 2-RUN HOME RUN (Flyball, 7D, EV 95.0 MPH), Distance : 373 ft
|
|
Batting: RHB Chris Bigas
|
0-0: Ball 1-0: Fly out, F9 (Flyball, 89S, EV 85.6 MPH)
|
|
Batting: LHB Steven Mobberley
|
0-0: Ground out 6-3 (Groundball, 4M, EV 93.1 MPH)
|
| Top of the 1st over - 3 runs, 2 hits, 1 error, 0 left on base; Louisville 3 - Richmond 0 |
| BOTTOM OF THE 1ST |
|
Richmond Braves batting - Pitching for Louisville Stallions : LHP Gary Pickert
|
|
Pitching: LHP Gary Pickert
|
|
|
Batting: RHB Dave Stegman
|
0-0: Swinging Strike 0-1: Ball 1-1: Called Strike 1-2: Ball 2-2: Ground out 6-3 (Groundball, 6, EV 76.9 MPH)
|
|
Batting: LHB Max Venable
|
0-0: Foul Ball, location: 2F 0-1: Fly out, F9 (Flyball, 89M, EV 81.9 MPH)
|
|
Batting: RHB Phil Garner
|
0-0: Ball 1-0: Ball 2-0: Fly out, F4 (Line Drive, 4, EV 66.9 MPH)
|
| Bottom of the 1st over - 0 runs, 0 hits, 0 errors, 0 left on base; Louisville 3 - Richmond 0 |
| TOP OF THE 2ND |
|
Louisville Stallions batting - Pitching for Richmond Braves : RHP Evan O'Rourke
|
|
Batting: LHB Lawrence Grahek
|
0-0: Fly out, F8 (Flyball, 8RD, EV 87.5 MPH)
|
|
Batting: RHB Kelly Heath
|
0-0: Called Strike 0-1: Swinging Strike 0-2: Strikes out looking
|
|
Batting: LHB John Tucker
|
0-0: Ball 1-0: Called Strike 1-1: Fly out, F3 (Line Drive, 3, EV 67.5 MPH)
|
| Top of the 2nd over - 0 runs, 0 hits, 0 errors, 0 left on base; Louisville 3 - Richmond 0 |
| BOTTOM OF THE 2ND |
|
Richmond Braves batting - Pitching for Louisville Stallions : LHP Gary Pickert
|
|
Batting: RHB John Freitas
|
0-0: Ground out 1-3 (Groundball, 15, EV 80.6 MPH)
|
|
Batting: RHB Scott Carnes
|
0-0: Called Strike 0-1: Fly out, F4 (Popup, 34, EV 61.9 MPH)
|
|
Batting: LHB Matt Winters
|
0-0: Ball 1-0: Fly out, F7 (Flyball, 7LD, EV 96.9 MPH)
|
| Bottom of the 2nd over - 0 runs, 0 hits, 0 errors, 0 left on base; Louisville 3 - Richmond 0 |
| TOP OF THE 3RD |
|
Louisville Stallions batting - Pitching for Richmond Braves : RHP Evan O'Rourke
|
|
Batting: SHB Dave Owen
|
0-0: Ball 1-0: Foul Ball, location: 2F 1-1: Ball 2-1: Swinging Strike 2-2: Ground out 4-3 (Groundball, 4S, EV 87.5 MPH)
|
|
Batting: RHB Josh Grimes
|
0-0: Called Strike 0-1: Ball 1-1: Called Strike 1-2: Ball 2-2: Foul Ball, location: 2F 2-2: Foul Ball, location: 2F 2-2: SINGLE (Groundball, 56D, EV 85.0 MPH) (infield hit)
|
|
Batting: LHB Mauricio Gracia
|
0-0: Called Strike 0-1: Foul Ball, location: 2F 0-2: Ball 1-2: Foul Ball, location: 2F 1-2: Foul Ball, location: 2F 1-2: Ball Josh Grimes steals 2nd, throwing error, E2 Josh Grimes to third 2-2: Ground out 1-3 (Groundball, 34S, EV 90.6 MPH)
|
|
Batting: RHB Dave Malpeso
|
0-0: Swinging Strike 0-1: 2-RUN HOME RUN (Flyball, 7LD, EV 101.3 MPH), Distance : 344 ft
|
|
Batting: RHB Chris Bigas
|
0-0: Fly out, F8 (Flyball, 8RXD, EV 102.5 MPH)
|
| Top of the 3rd over - 2 runs, 2 hits, 1 error, 0 left on base; Louisville 5 - Richmond 0 |
| BOTTOM OF THE 3RD |
|
Richmond Braves batting - Pitching for Louisville Stallions : LHP Gary Pickert
|
|
Batting: SHB Albert Hall
|
0-0: Called Strike 0-1: Ground out 3-1 (Groundball, 34, EV 85.6 MPH)
|
|
Batting: RHB Mark Naehring
|
0-0: Foul Ball, location: 2F 0-1: Ball 1-1: Ground out 6-3 (Groundball, 6, EV 91.9 MPH)
|
|
Batting: LHB Pete Bazan
|
0-0: Called Strike 0-1: SINGLE (Line Drive, 8LS, EV 107.5 MPH)
|
|
Batting: RHB Dave Stegman
|
0-0: Called Strike 0-1: Ball 1-1: Ball 2-1: Ball 3-1: Base on Balls Pete Bazan to second
|
|
Batting: LHB Max Venable
|
0-0: Called Strike 0-1: Ball 1-1: Called Strike 1-2: Foul Ball, location: 2F 1-2: Strikes out swinging
|
| Bottom of the 3rd over - 0 runs, 1 hit, 0 errors, 2 left on base; Louisville 5 - Richmond 0 |
| TOP OF THE 4TH |
|
Louisville Stallions batting - Pitching for Richmond Braves : RHP Evan O'Rourke
|
|
Batting: LHB Steven Mobberley
|
0-0: Fly out, F7 (Flyball, 7D, EV 102.5 MPH)
|
|
Batting: LHB Lawrence Grahek
|
0-0: Ball 1-0: Ball 2-0: Called Strike 2-1: Foul Ball, location: 2F 2-2: Foul Ball, location: 2F 2-2: Ground out 4-3 (Groundball, 4, EV 85.0 MPH)
|
|
Batting: RHB Kelly Heath
|
0-0: Swinging Strike 0-1: Ball 1-1: Ball 2-1: Ball 3-1: Called Strike 3-2: Fly out, F4 (Popup, 34S, EV 84.4 MPH)
|
| Top of the 4th over - 0 runs, 0 hits, 0 errors, 0 left on base; Louisville 5 - Richmond 0 |
| BOTTOM OF THE 4TH |
|
Richmond Braves batting - Pitching for Louisville Stallions : LHP Gary Pickert
|
|
Batting: RHB Phil Garner
|
0-0: Ground out 4-3 (Groundball, 4, EV 85.0 MPH)
|
|
Batting: RHB John Freitas
|
0-0: Called Strike 0-1: Swinging Strike 0-2: Strikes out swinging
|
|
Batting: RHB Scott Carnes
|
0-0: SINGLE (Groundball, 6D, EV 98.1 MPH)
|
|
Batting: LHB Matt Winters
|
0-0: Swinging Strike 0-1: Foul Ball, location: 2F 0-2: SINGLE (Flyball, 34D, EV 89.4 MPH) Scott Carnes to second Runner from 2nd tries for 3rd, SAFE, throw by RF made to third
|
|
Batting: SHB Albert Hall
|
0-0: Fly out, F5 (Line Drive, 5, EV 75.0 MPH)
|
| Bottom of the 4th over - 0 runs, 2 hits, 0 errors, 2 left on base; Louisville 5 - Richmond 0 |
| TOP OF THE 5TH |
|
Louisville Stallions batting - Pitching for Richmond Braves : RHP Evan O'Rourke
|
|
Batting: LHB John Tucker
|
0-0: Called Strike 0-1: Ball 1-1: Ball 2-1: Foul Ball, location: 2F 2-2: Ball 3-2: Fly out, F4 (Popup, 34S, EV 81.3 MPH)
|
|
Batting: SHB Dave Owen
|
0-0: Foul Ball, location: 2F 0-1: Ball 1-1: DOUBLE (Line Drive, 7LM, EV 102.5 MPH)
|
|
Batting: RHB Josh Grimes
|
0-0: Called Strike Dave Owen steals 3rd base 0-1: Called Strike 0-2: Ground out U3 (Groundball, 3, EV 109.4 MPH)
|
|
Batting: LHB Mauricio Gracia
|
0-0: Ball 1-0: Ground out 1-3 (Groundball, 34S, EV 86.3 MPH)
|
| Top of the 5th over - 0 runs, 1 hit, 0 errors, 1 left on base; Louisville 5 - Richmond 0 |
| BOTTOM OF THE 5TH |
|
Richmond Braves batting - Pitching for Louisville Stallions : LHP Gary Pickert
|
|
Batting: RHB Mark Naehring
|
0-0: Called Strike 0-1: Fly out, F8 (Flyball, 8LXD, EV 81.3 MPH)
|
|
Batting: LHB Pete Bazan
|
0-0: Fly out, F8 (Flyball, 8RS, EV 85.0 MPH)
|
|
Batting: RHB Dave Stegman
|
0-0: Ball 1-0: Ground out 6-3 (Groundball, 6, EV 90.0 MPH)
|
| Bottom of the 5th over - 0 runs, 0 hits, 0 errors, 0 left on base; Louisville 5 - Richmond 0 |
| TOP OF THE 6TH |
|
Louisville Stallions batting - Pitching for Richmond Braves : RHP Evan O'Rourke
|
|
Batting: RHB Dave Malpeso
|
0-0: Ball 1-0: Ball 2-0: Called Strike 2-1: Swinging Strike 2-2: Ball 3-2: Base on Balls
|
|
Batting: RHB Chris Bigas
|
0-0: Called Strike 0-1: Called Strike 0-2: Fielders Choice at 2nd, 2-6 (Groundball, 2R, EV 67.5 MPH)
|
|
Batting: LHB Steven Mobberley
|
0-0: Fly out, F9 (Flyball, 9D, EV 98.1 MPH)
|
|
Batting: LHB Lawrence Grahek
|
0-0: Called Strike 0-1: Ball 1-1: Ground out 6-3 (Groundball, 6M, EV 105.0 MPH)
|
| Top of the 6th over - 0 runs, 0 hits, 0 errors, 1 left on base; Louisville 5 - Richmond 0 |
| BOTTOM OF THE 6TH |
|
Richmond Braves batting - Pitching for Louisville Stallions : LHP Gary Pickert
|
|
Batting: LHB Max Venable
|
0-0: Ball 1-0: Ball 2-0: Foul Ball, location: 2F 2-1: Swinging Strike 2-2: Ball 3-2: Strikes out looking
|
|
Batting: RHB Phil Garner
|
0-0: DOUBLE (Line Drive, 8LXD, EV 111.3 MPH)
|
|
Batting: RHB John Freitas
|
0-0: Called Strike 0-1: Ball 1-1: Ground out 6-3 (Groundball, 6MS, EV 69.4 MPH) Phil Garner to third
|
|
Batting: RHB Scott Carnes
|
0-0: Ball 1-0: Ball 2-0: Swinging Strike 2-1: Foul Ball, location: 2F 2-2: Ground out 4-3 (Groundball, 4M, EV 83.8 MPH)
|
| Bottom of the 6th over - 0 runs, 1 hit, 0 errors, 1 left on base; Louisville 5 - Richmond 0 |
| TOP OF THE 7TH |
|
Louisville Stallions batting - Pitching for Richmond Braves : RHP Evan O'Rourke
|
|
Batting: RHB Kelly Heath
|
0-0: Foul Ball, location: 2F 0-1: Fly out, F8 (Flyball, 8RXD, EV 103.1 MPH)
|
|
Batting: LHB John Tucker
|
0-0: Ground out 4-3 (Groundball, 4, EV 80.6 MPH)
|
|
Batting: SHB Dave Owen
|
0-0: Called Strike 0-1: Ball 1-1: Called Strike 1-2: DOUBLE (Groundball, 5L, EV 104.4 MPH)
|
|
Batting: RHB Josh Grimes
|
0-0: SINGLE (Line Drive, 6M, EV 95.0 MPH) Dave Owen to third Runner from 3rd tries for Home, SAFE, throw by CF to home
|
|
Pitching: RHP Keefe Cato
|
|
|
Batting: LHB Mauricio Gracia
|
0-0: Ball 1-0: Fly out, F9 (Flyball, 89S, EV 87.5 MPH)
|
| Top of the 7th over - 1 run, 2 hits, 0 errors, 1 left on base; Louisville 6 - Richmond 0 |
| BOTTOM OF THE 7TH |
|
Richmond Braves batting - Pitching for Louisville Stallions : LHP Gary Pickert
|
|
Batting: LHB Matt Winters
|
0-0: SINGLE (Groundball, 34D, EV 97.5 MPH)
|
|
Batting: SHB Albert Hall
|
0-0: Foul Ball, location: 2F 0-1: Ball 1-1: Ball 2-1: DOUBLE (Flyball, 89D, EV 103.8 MPH) Matt Winters to third Runner from 3rd tries for Home, SAFE, no throw by CF
|
|
Batting: RHB Mark Naehring
|
0-0: Foul Ball, location: 2F 0-1: Ball Albert Hall steals 3rd, throwing error, E2 Albert Hall scores 1-1: Ground out 4-3 (Groundball, 4, EV 84.4 MPH)
|
|
Batting: LHB Pete Bazan
|
0-0: Ball 1-0: DOUBLE (Line Drive, 9LM, EV 91.9 MPH)
|
|
Batting: RHB Dave Stegman
|
0-0: Ball 1-0: Foul Ball, location: 2F 1-1: Foul Ball, location: 2F 1-2: SINGLE (Line Drive, 8LS, EV 110.6 MPH) Pete Bazan to third
|
|
Batting: LHB Max Venable
|
0-0: Ball 1-0: Ground out 5-3 (Groundball, 56S, EV 67.5 MPH) Pete Bazan scores Dave Stegman to second
|
|
Batting: RHB Phil Garner
|
0-0: Foul Ball, location: 2F 0-1: Foul Ball, location: 2F 0-2: Ground out 5-3 (Groundball, 56S, EV 92.5 MPH)
|
| Bottom of the 7th over - 3 runs, 4 hits, 1 error, 1 left on base; Louisville 6 - Richmond 3 |
| TOP OF THE 8TH |
|
Louisville Stallions batting - Pitching for Richmond Braves : RHP Keefe Cato
|
|
Batting: RHB Dave Malpeso
|
0-0: Called Strike 0-1: Ball 1-1: Reached on error, E8 (Line Drive, 8RD, EV 83.1 MPH)
|
|
Batting: RHB Chris Bigas
|
0-0: Ball 1-0: Ground out 6-3 (Groundball, 6, EV 83.8 MPH)
|
|
Batting: LHB Steven Mobberley
|
0-0: Ball 1-0: Swinging Strike 1-1: Ball 2-1: Ball 3-1: Ground out 3-1 (Groundball, 34, EV 92.5 MPH) Dave Malpeso to third
|
|
Batting: LHB Lawrence Grahek
|
0-0: Intentional Walk
|
|
Batting: RHB Kelly Heath
|
0-0: Called Strike 0-1: Foul Ball, location: 2F 0-2: Fly out, F7 (Flyball, 7D, EV 96.9 MPH)
|
| Top of the 8th over - 0 runs, 0 hits, 1 error, 2 left on base; Louisville 6 - Richmond 3 |
| BOTTOM OF THE 8TH |
|
Richmond Braves batting - Pitching for Louisville Stallions : LHP Gary Pickert
|
|
Batting: RHB John Freitas
|
0-0: Ball 1-0: Foul Ball, location: 2F 1-1: Foul Ball, location: 2F 1-2: SOLO HOME RUN (Flyball, 8RXD, EV 102.5 MPH), Distance : 426 ft
|
|
Batting: RHB Scott Carnes
|
0-0: Foul Ball, location: 2F 0-1: TRIPLE (Flyball, 89XD, EV 88.1 MPH)
|
|
Batting: LHB Matt Winters
|
0-0: Foul Ball, location: 2F 0-1: Ball 1-1: Called Strike 1-2: Strikes out looking
|
|
Batting: SHB Albert Hall
|
0-0: Called Strike 0-1: Fly out, F7 (Flyball, 7, EV 88.8 MPH) Runner from 3rd tags up, SCORES, throw by LF
|
|
Batting: RHB Mark Naehring
|
0-0: SINGLE (Groundball, 56, EV 97.5 MPH)
|
|
Batting: LHB Pete Bazan
|
0-0: Called Strike 0-1: Called Strike 0-2: Foul Ball, location: 2F 0-2: Foul Ball, location: 2F 0-2: Ball 1-2: Fly out, F7 (Flyball, 7LS, EV 93.8 MPH)
|
| Bottom of the 8th over - 2 runs, 3 hits, 0 errors, 1 left on base; Louisville 6 - Richmond 5 |
| TOP OF THE 9TH |
|
Louisville Stallions batting - Pitching for Richmond Braves : RHP Keefe Cato
|
|
Pitching: RHP Rick Sutcliffe
|
|
|
Batting: LHB John Tucker
|
0-0: Fly out, F4 (Flyball, 34D, EV 92.5 MPH)
|
|
Batting: SHB Dave Owen
|
0-0: Ball 1-0: Foul Ball, location: 2F 1-1: Foul Ball, location: 2F 1-2: Foul Ball, location: 2F 1-2: Ball 2-2: Ball 3-2: Fly out, F8 (Flyball, 8LD, EV 77.5 MPH)
|
|
Batting: RHB Josh Grimes
|
0-0: Fly out, F8 (Line Drive, 8LM, EV 96.3 MPH)
|
| Top of the 9th over - 0 runs, 0 hits, 0 errors, 0 left on base; Louisville 6 - Richmond 5 |
| BOTTOM OF THE 9TH |
|
Richmond Braves batting - Pitching for Louisville Stallions : LHP Gary Pickert
|
|
Pitching: RHP Roger Slagle
|
|
|
Now in RF: Umberto Walraven
|
|
|
Batting: RHB Dave Stegman
|
0-0: Called Strike 0-1: Swinging Strike 0-2: Fly out, F9 (Flyball, 89D, EV 100.6 MPH)
|
|
Batting: LHB Max Venable
|
0-0: Ball 1-0: Ball 2-0: Ball 3-0: Base on Balls
|
|
Batting: RHB Phil Garner
|
0-0: Ball 1-0: Grounds into double play, 6-4-3 (Groundball, 6, EV 104.4 MPH)
|
| Bottom of the 9th over - 0 runs, 0 hits, 0 errors, 0 left on base; Louisville 6 - Richmond 5 |
|